 Dungeon Crawl Stone Soup version 0.13-a0-2156-ga9a2eb8 (webtiles) character file.

230 JacquesDerrida the Slasher (level 4, -2/31 HPs)
             Began as a High Elf Gladiator on June 30, 2013.
             Slain by Grinder (7 damage)
             ... on Level 3 of the Dungeon.
             The game lasted 00:06:31 (2334 turns).

JacquesDerrida the Slasher (High Elf Gladiator)     Turns: 2334, Time: 00:06:31

HP  -2/31        AC  4     Str 14      XL: 4   Next: 78%
MP   6/6         EV 12     Int 16      God:
Gold 108         SH  0     Dex 16      Spells:  0 memorised,  3 levels left

Res.Fire  : . . .   See Invis. : .   a - +0 elf falchion
Res.Cold  : . . .   Warding    : .   b - +0 elf leather armour
Life Prot.: . . .   Conserve   : .   (no shield)
Res.Poison: .       Res.Corr.  : .   c - +0 helmet
Res.Elec. : .       Clarity    : .   (no cloak)
Sust.Abil.: . .     Spirit.Shd : .   (no gloves)
Res.Mut.  : .       Stasis     : .   (no boots)
Res.Rott. : .       Flight     : .   y - amulet of inaccuracy {unknown}
Saprovore : . . .                    (no ring)
                                     r - ring of wizardry

@: brilliant, slowed, very slow, somewhat resistant to hostile enchantments,
unstealthy
A: magic resistance 1, sense surroundings 1, Int -1
a: no special abilities


You were on level 3 of the Dungeon.
You were not hungry.

You visited 1 branch of the dungeon, and saw 3 of its levels.

You collected 88 gold pieces.

Inventory:

Hand weapons
 a - a +0,+0 elven falchion (weapon)
Missiles
 d - 3 throwing nets (quivered)
 j - 20 poisoned needles
Armour
 b - a +0 elven leather armour (worn)
 c - a +0 helmet (worn)
Magical devices
 w - a wand of flame (0)
 A - a wand of slowing (7)
Comestibles
 f - 2 bread rations
 k - a pear
 z - 2 meat rations
 B - a chunk of orc flesh
Scrolls
 g - a scroll of enchant armour {unknown}
 h - 3 scrolls of remove curse {unknown}
 i - 2 scrolls of enchant weapon II {unknown}
 l - 3 scrolls of identify {unknown}
 n - 2 scrolls of enchant weapon I {unknown}
Jewellery
 r - a ring of wizardry (left hand)
 t - an uncursed ring of ice
 y - an amulet of inaccuracy (around neck) {unknown}
Potions
 m - a potion of paralysis {unknown}
 o - a potion of curing
 p - a potion of confusion {unknown}
 u - a potion of agility {unknown}


   Skills:
 - Level 2.0 Fighting
 + Level 6.7 Long Blades
 - Level 2.1 Throwing
 - Level 3.2 Dodging


You had 3 spell levels left.
You didn't know any spells.

Dungeon Overview and Level Annotations

Branches:
Dungeon (3/27)

Altars:
Cheibriados
Makhleb

Annotations
D:3 Grinder


Innate Abilities, Weirdness & Mutations

You are dopey (Int -1).
You are resistant to hostile enchantments.
You passively map a small area around you.


Message History

Evoke which item? (* to show all) (? for menu, Esc to quit)
Zapping:
w - a wand of flame {zapped: 10}
Press: ? - help, Shift-Dir - straight line, f/p - Grinder
Aim: Grinder (heavily wounded)
The puff of flame hits Grinder.
Grinder is severely wounded.
Grinder hits you.
You writhe in agony.
Evoke which item? (* to show all) (? for menu, Esc to quit)
Zapping:
w - a wand of flame {zapped: 11}
Press: ? - help, Shift-Dir - straight line, f/p - Grinder
Aim: Grinder (severely wounded) Nothing appears to happen.
Grinder hits you but does no damage.
Drink which item? (? for menu, Esc to quit)
You feel better. Grinder hits you!
* * * LOW HITPOINT WARNING * * *
You writhe in agony.
* * * LOW HITPOINT WARNING * * *
Grinder hits you!
You die...

.# #.#..# .# . *
#.##.##.#
#.......#
####.#### * #.# ,
, , ###.##### * *
#.......# *
....#.###.#.###.#
#....5@.[.# #.#
......###.### #.#
### #.# #.# *
#######.#####.# *
, #........))...#
#.#####.#######
#..# * *###'###
#.....#


You could see Grinder.

Vanquished Creatures
  A hound (D:2)
  2 adders (D:2)
  A gnoll (D:1)
  A giant mite (D:3)
  2 orcs (D:3)
  4 ball pythons
  6 bats
  4 giant cockroaches
  5 goblins
  7 hobgoblins
  4 kobolds
  A quokka (D:2)
  3 giant geckos
  6 giant newts
  3 rats
50 creatures vanquished.

Notes
Turn   | Place    | Note
--------------------------------------------------------------
     0 | D:1      | JacquesDerrida, the High Elf Gladiator, began the quest for the Orb.
     0 | D:1      | Reached XP level 1. HP: 15/15 MP: 1/1
    50 | D:1      | Reached skill level 4 in Long Blades
   160 | D:1      | Reached XP level 2. HP: 20/20 MP: 2/2
   735 | D:1      | Reached skill level 5 in Long Blades
   850 | D:1      | Reached XP level 3. HP: 25/25 MP: 4/4
  1558 | D:2      | Reached skill level 6 in Long Blades
  1558 | D:2      | Reached XP level 4. HP: 16/31 MP: 6/6
  1693 | D:2      | Found a burning altar of Makhleb.
  2158 | D:3      | Found a snail-covered altar of Cheibriados.
  2301 | D:3      | Noticed Grinder
  2316 | D:3      | Paralysed by Grinder for 4 turns
  2323 | D:3      | Gained mutation: You passively map a small area around you. [potion of mutation]
  2323 | D:3      | Gained mutation: You are dopey (Int -1). [potion of mutation]
  2323 | D:3      | Gained mutation: You are resistant to hostile enchantments. [potion of mutation]
  2334 | D:3      | Slain by Grinder

Action                   |  1- 3 |  4- 6 || total
-------------------------+-------+-------++-------
Melee: Falchion          |   114 |    68 ||   182
Evoke: Wand              |       |    13 ||    13
  Use: Potion            |       |     9 ||     9
 Stab: Sleeping          |     1 |       ||     1
